 Dungeon Sprint DCSS version 0.30-a0-800-g7c544603b3 (webtiles) character file.

Game seed: 6320040979232583063

98 rocky1 the Cudgeller (level 4, -15/60 HPs)
             Began as a Minotaur Gladiator on Feb 23, 2023.
             Demolished by an ogre
             ... wielding a +0 giant spiked club
              (34 damage)
             ... in the Dungeon (Sprint IX: "|||||||||||||||||||||||||||||").
             The game lasted 00:00:11 (27 turns).

rocky1 the Cudgeller (Minotaur Gladiator)             Turns: 27, Time: 00:00:12

Health: -15/60     AC:  3    Str: 21    XL:     4   Next: 43%
Magic:  3/3        EV: 14    Int:  5    God:
Gold:   0          SH:  0    Dex: 11    Spells: 3/3 levels left

rFire   . . .      SeeInvis .    a - +0 flail
rCold   . . .      Faith    .    (no shield)
rNeg    . . .      Spirit   .    b - +0 leather armour
rPois   .          Reflect  .    c - +0 hat
rElec   .          Harm     .    (no cloak)
rCorr   .          Rampage  .    (no gloves)
Will    .....      NoTele   +    (no boots) Stlth
                                 (no amulet)
HPRegen 0.30/turn                (no ring)
MPRegen 0.08/turn                (no ring)

@: berserking, very quick
A: horns 2, retaliatory headbutt
a: no special abilities


You were in the Dungeon.
You visited 1 branch

Inventory:

Hand Weapons
 a - a +0 flail (weapon)
Missiles
 d - 3 throwing nets (quivered)
 e - a javelin
Armour
 b - a +0 leather armour (worn)
 c - a +0 hat (worn)
Scrolls
 k - a scroll of blinking
Potions
 f - a potion of curing
 g - a potion of heal wounds
 h - a potion of haste
 i - 2 potions of magic


   Skills:
 + Level 4.3 Fighting
 + Level 7.7 Maces & Flails
 + Level 3.2 Throwing
 + Level 1.0 Armour
 + Level 6.7 Dodging


You had 3 spell levels left.
You didn't know any spells.
Your spell library was empty.

Dungeon Overview and Level Annotations

Branches:
Dungeon (1/1)

Altars:


Innate Abilities, Weirdness & Mutations

You have a pair of horns on your head.
You reflexively headbutt those who attack you in melee.


Message History

Things that are here:
a +0 dagger; a +0 club; a +0 whip You see here a bat corpse.
You open the door.
A hound, an orc wizard, a phantom, an ogre and a black bear come into view.
The orc wizard shouts!
The ogre shouts!
The black bear growls angrily.
You sock the black bear!
You headbutt the black bear, but do no damage.
The black bear is moderately wounded.
The black bear bites you. The black bear closely misses you.
The black bear misses you.
You sock the black bear! You headbutt the black bear.
The black bear is severely wounded.
The black bear bites you but does no damage.
The black bear misses you. The black bear closely misses you.
A red film seems to cover your vision as you go berserk!
You feel yourself moving faster!
You feel mighty! The black bear bites you!
* * * LOW HITPOINT WARNING * * *
The black bear barely misses you. The black bear closely misses you.
You sock the black bear!
You kill the black bear!
Your Fighting skill gained 2 levels and is now at level 4!
Your Maces & Flails skill gained 3 levels and is now at level 7!
Your Throwing skill increases to level 3!
Your Armour skill increases to level 1!
Your Dodging skill gained 2 levels and is now at level 6!
You have reached level 2!
You have reached level 3!
Your experience leads to an increase in your attributes!
Increase (S)trength, (I)ntelligence, or (D)exterity?
You feel stronger. x2
You have reached level 4!
You feel stronger.
You thump the ogre!
The ogre is heavily wounded.
You completely miss the ogre.
The ogre is heavily wounded.
The ogre hits you with a +0 giant spiked club!!
Ouch! That really hurt!
You die... ▓▓▓▓▓▓▓▓▓▓▓▓▓▓▓▓▓▓ +.h.oWO@...†)...<▓ ▓▓▓▓▓▓▓▓▓▓▓▓▓▓▓▓▓▓

You could see an ogre, a phantom, a hound and an orc wizard.

Vanquished Creatures
  A black bear (D)
  A bat (D)
  An endoplasm (D)
  A goblin (D)
  2 kobolds (D)
6 creatures vanquished.

Notes
Turn   | Place    | Note
-------+----------+-------------------------------------------
     0 | D        | rocky1 the Minotaur Gladiator began the quest for the Orb.
     0 | D        | Reached XP level 1. HP: 18/18 MP: 0/0
     6 | D        | Reached skill level 4 in Maces & Flails
    21 | D        | Noticed a hound
    21 | D        | Noticed an orc wizard
    21 | D        | Noticed a phantom
    21 | D        | Noticed an ogre
    21 | D        | Noticed a black bear
    25 | D        | Killed a black bear
    26 | D        | Reached skill level 7 in Maces & Flails
    26 | D        | Reached skill level 1 in Armour
    26 | D        | Reached XP level 2. HP: 12/27 MP: 1/1
    26 | D        | Reached XP level 3. HP: 15/33 MP: 2/2
    26 | D        | Reached XP level 4. HP: 18/40 MP: 3/3
    27 | D        | Demolished by an ogre

Illustrated notes

Levels and vault maps discovered:
D:        linesprint [early_d, line_temple, items_1, d_10, items_2, lair_1,
          lair_end, items_3, orc_1, orc_end, items_4, d_15, swamp_1, shoals_1,
          snake_1, spider_1, d_20, vaults_1, items_5, swamp_end, shoals_end,
          snake_end, spider_end, vaults_end, d_27, items_6, zot_1, zot_end,
          crypt_end, forest_end, elf_end, slime_end, tomb_end, abyss_end,
          pan_hell_end]

Skill      XL: |  1 |
---------------+----+-----
Maces & Flails | 7 |  7.7
Dodging        | 6 |  6.7
Fighting       | 4 |  4.3
Throwing       | 3 |  3.2
Armour         | 1 |  1.0

Action                     |  1- 3 |  4- 6 || total
---------------------------+-------+-------++-------
  Melee: Flail             |    14 |     2 ||    16
         Headbutt          |     4 |       ||     4
         Punch             |     1 |       ||     1
    Use: Potion            |     1 |       ||     1
 Armour: Leather armour    |     4 |       ||     4
  Dodge: Dodged            |    12 |       ||    12

Table legend: (Time is in decaauts)
 A = Elapsed time spent in this place.
 B = Non-inter-level travel time spent in this place.
 C = Inter-level travel time spent in this place.
 D = Time resting spent in this place.
 E = Time spent auto-exploring this place.
 F = Levels seen in this place.
 G = Mean time per level.
                   A        B        C        D        E       F      G
               +--------+--------+--------+--------+--------+-----+--------+
         Total |     28 |     28 |      0 |      0 |      0 |   1 |   28.0 |
       Dungeon |     28 |     28 |      0 |      0 |      0 |   1 |   28.0 |
               +--------+--------+--------+--------+--------+-----+--------+

Top non-repeatable levels by time:
       D: 28 daAuts
